[Event "ICC tourney 1954 (60 10)"]
[Site "Internet Chess Club"]
[Date "2020.08.07"]
[Round "1"]
[White "handsomematch"]
[Black "nirvana2020"]
[Result "1-0"]
[ICCResult "Black checkmated"]
[WhiteElo "1215"]
[BlackElo "801"]
[Opening "Ruy Lopez: Bird's defense"]
[ECO "C61"]
[NIC "RL.05"]
[Time "12:21:40"]
[TimeControl "3600+10"]

1. e4 e5 2. Nf3 Nc6 3. Bb5 Nd4 4. Nxd4 exd4 5. O-O Nf6 6. d3 h6 7. Re1 Bc5
8. Bf4 O-O 9. c3 dxc3 10. bxc3 a6 11. Bc4 d6 12. d4 Bb6 13. e5 dxe5 14. Bxe5
Re8 15. Bxf6 Rxe1+ 16. Qxe1 Qxf6 17. Qe8+ Kh7 18. Bxf7 Bf5 19. Bg8+ Kh8 20.
Qxa8 Qg5 21. Bf7+ Kh7 22. Qg8# {Black checkmated} 1-0

[Event "ICC tourney 1954 (60 10)"]
[Site "Internet Chess Club"]
[Date "2020.08.07"]
[Round "1"]
[White "Maximusiv"]
[Black "SonicTrist"]
[Result "0-1"]
[ICCResult "White resigns"]
[WhiteElo "1044"]
[BlackElo "1400"]
[Opening "Pirc: classical (two knights) system"]
[ECO "B08"]
[NIC "PU.10"]
[Time "12:21:56"]
[TimeControl "3600+10"]

1. e4 d6 2. d4 Nf6 3. Nc3 g6 4. Nf3 Bg7 5. Bc4 O-O 6. h3 Nxe4 7. Nxe4 d5 8.
Bb3 dxe4 9. Ng5 Bxd4 10. Nxe4 Bg7 11. Qf3 Nc6 12. O-O Nd4 13. Qg3 Ne2+
{White resigns}
0-1

[Event "ICC tourney 1954 (60 10)"]
[Site "Internet Chess Club"]
[Date "2020.08.07"]
[Round "1"]
[White "tenuun"]
[Black "DanielYang99"]
[Result "1-0"]
[ICCResult "Black checkmated"]
[WhiteElo "1123"]
[BlackElo "611"]
[Opening "Giuoco Piano"]
[ECO "C53"]
[NIC "IG.02"]
[Time "12:22:03"]
[TimeControl "3600+10"]

1. e4 e5 2. Nf3 Nc6 3. Bc4 Bc5 4. c3 Bb6 5. d3 Nf6 6. O-O h6 7. Nbd2 O-O 8.
Re1 d6 9. h3 Na5 10. Bb5 c6 11. Ba4 c5 12. Nf1 Be6 13. Ng3 d5 14. exd5 Bxd5
15. Bc2 Re8 16. c4 Bc6 17. Nxe5 Bc7 18. Nxc6 Nxc6 19. Rxe8+ Qxe8 20. Be3 b6
21. Qd2 g5 22. Re1 Qb8 23. Kh2 Nh5 24. Bxg5 Nxg3 25. fxg3 Bxg3+ 26. Kh1 hxg5
27. Qxg5+ Kf8 28. Qh6+ Kg8 29. d4 Bxe1 30. Bh7+ Kh8 31. Bg6+ Kg8 32. Qh7+
Kf8 33. Qxf7# {Black checkmated} 1-0

[Event "ICC tourney 1954 (60 10)"]
[Site "Internet Chess Club"]
[Date "2020.08.07"]
[Round "1"]
[White "srsmv"]
[Black "firelionpro"]
[Result "1-0"]
[ICCResult "Black checkmated"]
[WhiteElo "1242"]
[BlackElo "840"]
[Opening "Ruy Lopez: 5.O-O"]
[ECO "C78"]
[NIC "RL.12"]
[Time "12:21:40"]
[TimeControl "3600+10"]

1. e4 e5 2. Nf3 Nc6 3. Bb5 a6 4. Ba4 Nf6 5. O-O b5 6. Bb3 Bc5 7. Nxe5 Nxe5
8. d4 Bxd4 9. Qxd4 d6 10. Bg5 h6 11. Bh4 O-O 12. Nc3 Bg4 13. h3 Bd7 14. a3
Nc6 15. Qd3 Ne5 16. Qe2 g5 17. Bg3 Nc6 18. Rad1 g4 19. Kh2 gxh3 20. gxh3 Nh7
21. Qh5 Nf6 22. Qxh6 Re8 23. Rg1 Qe7 24. Bh4+ Ng4+ 25. hxg4 Qf8 26. Qg6+ Kh8
27. Bf6+ Qg7 28. Qxg7# {Black checkmated} 1-0

[Event "ICC tourney 1954 (60 10)"]
[Site "Internet Chess Club"]
[Date "2020.08.07"]
[Round "1"]
[White "chessadpa"]
[Black "homithepro"]
[Result "0-1"]
[ICCResult "White resigns"]
[WhiteElo "1077"]
[BlackElo "309"]
[Opening "QGA: 3.e4"]
[ECO "D20"]
[NIC "QG.04"]
[Time "12:22:22"]
[TimeControl "3600+10"]

1. d4 d5 2. c4 dxc4 3. e4 Nc6 4. Nf3 Bg4 5. Be3 Nf6 6. Nc3 e6 7. a3 Be7 8.
Bxc4 O-O 9. h3 Bh5 10. e5 Nd5 11. Nxd5 exd5 12. Bd3 g6 13. Bh6 f5 14. Bxf8
Qxf8 15. Qd2 a5 16. Nh2 Nb4 17. O-O Nxd3 18. Qxd3 c6 19. Qb3 Be2 20. Rfe1
Ba6 21. Nf3 Qg7 22. Rac1 Ra7 23. Qb6 Ra8 24. Qxa5 Qf8 25. Qc3 Bc4 26. Ra1
Bd8 27. b3 Bb5 28. b4 Bb6 29. a4 Bxa4 30. e6 Qe7 31. Ra2 Bc7 32. Rea1 b5 33.
Qxc6 Rc8 34. Qxd5 Rd8 35. Qb7 Bh2+ 36. Kxh2 Qxb7 37. Re1 Qe7 38. Rd2 Bb3 39.
Re3 Bxe6 40. d5 Qxb4 41. Rd4 Qc5 42. dxe6 Rxd4 43. Nxd4 Qxd4 44. e7 Qxe3 45.
fxe3 Kf7 46. Kg3 b4 47. Kf4 b3 48. Ke5 Kxe7 49. Kd4 b2 50. Kc3 b1=Q 51. Kd2
Qf1 52. Kc2 Qxg2+ 53. Kd3 Qxh3 54. Kd4 g5 55. Ke5 g4 56. e4 g3 {White
resigns} 0-1

[Event "ICC tourney 1954 (60 10)"]
[Site "Internet Chess Club"]
[Date "2020.08.07"]
[Round "1"]
[White "sstao17"]
[Black "Outschoorn"]
[Result "0-1"]
[ICCResult "White resigns"]
[WhiteElo "621"]
[BlackElo "1154"]
[Opening "Sicilian defense"]
[ECO "B32"]
[NIC "SI.32"]
[Time "12:22:00"]
[TimeControl "3600+10"]

1. e4 c5 2. Nf3 Nc6 3. d4 cxd4 4. Nxd4 Nxd4 5. Qxd4 e6 6. Nc3 Nf6 7. e5 Nd5
8. Nxd5 exd5 9. Qxd5 Qb6 10. Qb5 Qe6 11. Bf4 b6 12. g3 Bc5 13. Be2 Bb7 14.
O-O Qh3 15. Qxd7+ Qxd7 16. Rfd1 Qh3 17. Bf1 Qg4 18. Bg2 Bxg2 19. Kxg2 O-O
20. a3 Rad8 21. Rxd8 Rxd8 22. b4 Bd4 23. Rb1 Qe2 24. Kh3 Qxf2 25. Rd1 Qxc2
26. Rc1 Qf5+ 27. Kg2 Bxe5 28. Be3 Qe4+ 29. Kh3 Qxe3 30. Rc7 Bxc7 {White
resigns} 0-1

[Event "ICC tourney 1954 (60 10)"]
[Site "Internet Chess Club"]
[Date "2020.08.07"]
[Round "1"]
[White "aslan777"]
[Black "palashg"]
[Result "1-0"]
[ICCResult "Black checkmated"]
[WhiteElo "491"]
[BlackElo "794"]
[Opening "Queen's bishop game"]
[ECO "D02"]
[NIC "QP.08"]
[Time "12:22:22"]
[TimeControl "3600+10"]

1. d4 d5 2. Nf3 Nf6 3. Bf4 e6 4. e3 Nc6 5. Nc3 b6 6. Nb5 Bd6 7. Nxd6+ cxd6
8. Bb5 Bd7 9. Bxd6 Ne4 10. Ba3 a6 11. Bd3 b5 12. c3 a5 13. Bxe4 dxe4 14. Nd2
f5 15. Qh5+ g6 16. Qh6 b4 17. Qg7 Rf8 18. cxb4 axb4 19. Nc4 Qe7 20. Qh6 bxa3
21. bxa3 Na5 22. Nb6 Rb8 23. Nxd7 Qxd7 24. O-O Nc4 25. Rfc1 Nxa3 26. Rc3
Rb1+ 27. Rxb1 Nxb1 28. Rb3 Nd2 29. Rb8+ Ke7 30. Qxf8# {Black checkmated} 1-0

[Event "ICC tourney 1954 (60 10)"]
[Site "Internet Chess Club"]
[Date "2020.08.07"]
[Round "1"]
[White "srikardesu"]
[Black "FishBoy"]
[Result "0-1"]
[ICCResult "White checkmated"]
[WhiteElo "206"]
[BlackElo "977"]
[Opening "Caro-Kann: two knights variation"]
[ECO "B10"]
[NIC "CK.01"]
[Time "12:21:48"]
[TimeControl "3600+10"]

1. e4 c6 2. Nf3 d5 3. Nc3 dxe4 4. Nxe4 Bf5 5. Bc4 Bxe4 6. Ng5 Bg6 7. O-O Nf6
8. d3 h6 9. Nf3 e6 10. d4 Bd6 11. Bb3 O-O 12. c4 Nbd7 13. c5 Bc7 14. d5 exd5
15. Re1 Re8 16. Rxe8+ Qxe8 17. Qd4 Qe4 18. Qc3 Qd3 19. Bc2 Qxc2 20. Nh4 Qd1+
21. Qe1 Qxe1# {White checkmated} 0-1

[Event "ICC tourney 1954 (60 10)"]
[Site "Internet Chess Club"]
[Date "2020.08.07"]
[Round "1"]
[White "luciapanda"]
[Black "Aahilvalliani"]
[Result "1-0"]
[ICCResult "Black checkmated"]
[WhiteElo "1049"]
[BlackElo "717"]
[Opening "Queen's pawn game"]
[ECO "E20"]
[NIC "QP.07"]
[Time "12:22:05"]
[TimeControl "3600+10"]

1. d4 Nf6 2. c4 e6 3. Nc3 g6 4. e4 d6 5. Bg5 h6 6. Bh4 g5 7. Bg3 Nh5 8. Qxh5
Bg7 9. Nf3 Bd7 10. Bd3 Nc6 11. d5 Ne7 12. O-O Ng8 13. Rfe1 Nf6 14. Qh3 e5
15. Qxd7+ Qxd7 16. Nb5 a6 17. Nc3 O-O-O 18. b4 Nh5 19. b5 Nf4 20. Bxf4 gxf4
21. Rab1 Rdf8 22. bxa6 bxa6 23. c5 c6 24. Bxa6+ Kd8 25. Rb7 Qg4 26. cxd6 h5
27. h3 Qg6 28. dxc6 f5 29. Rd7+ Ke8 30. Re7+ Kd8 31. c7# {Black checkmated}
1-0

[Event "ICC tourney 1954 (60 10)"]
[Site "Internet Chess Club"]
[Date "2020.08.07"]
[Round "1"]
[White "ProfP"]
[Black "JerryZhu"]
[Result "1-0"]
[ICCResult "Black checkmated"]
[WhiteElo "617"]
[BlackElo "1107"]
[Opening "Sicilian: dragon variation"]
[ECO "B70"]
[NIC "SI.15"]
[Time "12:22:12"]
[TimeControl "3600+10"]

1. e4 c5 2. Nf3 d6 3. d4 cxd4 4. Nxd4 Nf6 5. Nc3 g6 6. Bc4 Bg7 7. O-O O-O 8.
Re1 Nc6 9. Nxc6 bxc6 10. Bg5 Bd7 11. Qf3 Rb8 12. b3 h6 13. Bh4 Bg4 14. Qf4
g5 15. Bxg5 hxg5 16. Qxg5 Kh7 17. h3 Bh5 18. Qh4 Bh6 19. e5 dxe5 20. Rxe5
Rg8 21. Rxh5 Nxh5 22. Qxh5 Rg5 23. Qxf7+ Kh8 24. Re1 Rg7 25. Qh5 Qd2 26. Re3
Rf8 27. Qxh6+ Rh7 28. Qxf8# {Black checkmated} 1-0

[Event "ICC tourney 1954 (60 10)"]
[Site "Internet Chess Club"]
[Date "2020.08.07"]
[Round "1"]
[White "antonk2012"]
[Black "Blitzstein"]
[Result "0-1"]
[ICCResult "White resigns"]
[WhiteElo "753"]
[BlackElo "1194"]
[Opening "Sicilian: Smith-Morra gambit"]
[ECO "B21"]
[NIC "SI.48"]
[Time "12:21:46"]
[TimeControl "3600+10"]

1. e4 c5 2. d4 cxd4 3. Qxd4 Nc6 4. Qa4 g6 5. Nf3 Bg7 6. c3 Nf6 7. Qc2 O-O 8.
g4 Nxg4 9. h4 h5 10. Bh3 Nce5 11. Nxe5 Nxe5 12. Qe2 b6 13. f4 Nc6 14. Rg1 e6
15. Qg2 Qxh4+ 16. Kd1 d5 17. f5 Qxe4 18. fxg6 Qxg2 19. gxf7+ Rxf7 20. Rxg2
e5 21. Bxc8 Rxc8 22. Bh6 Rcf8 23. Kc2 Rf2+ 24. Rxf2 Rxf2+ 25. Bd2 Bh6 26. a4
e4 27. Kd1 Bxd2 28. Nxd2 h4 29. b4 e3 30. Nb3 Rf1+ 31. Kc2 Rxa1 {White
resigns} 0-1

[Event "ICC tourney 1954 (60 10)"]
[Site "Internet Chess Club"]
[Date "2020.08.07"]
[Round "1"]
[White "pvegesana"]
[Black "wulovechess"]
[Result "0-1"]
[ICCResult "White checkmated"]
[WhiteElo "1297"]
[BlackElo "1058"]
[Opening "Two knights defense"]
[ECO "C58"]
[NIC "KP.01"]
[Time "12:21:55"]
[TimeControl "3600+10"]

1. e4 e5 2. Nf3 Nc6 3. Bc4 Nf6 4. Ng5 d5 5. exd5 Na5 6. Bb5+ c6 7. dxc6 bxc6
8. Ba4 h6 9. Nf3 e4 10. Ng1 Bf5 11. Ne2 Bc5 12. Nbc3 Ng4 13. O-O Qh4 14. h3
Nxf2 15. d4 Nxd1 16. Nxd1 Bb6 17. Bd2 Be6 18. Bxa5 Bxa5 19. Bxc6+ Ke7 20.
Bxa8 Rxa8 21. c3 Bc7 22. Nf2 e3 23. Nd3 Qg5 24. Rf3 Bd5 25. h4 Qxh4 26.
Rxe3+ Kf8 27. Ne5 Bxe5 28. Rxe5 Be6 29. Rf1 Bxa2 30. g3 Qh3 31. d5 Rd8 32.
Kf2 Rxd5 33. Nf4 Qh2+ 34. Ke1 Qd2# {White checkmated} 0-1

[Event "ICC tourney 1954 (60 10)"]
[Site "Internet Chess Club"]
[Date "2020.08.07"]
[Round "1"]
[White "yimaster"]
[Black "Checkmate1970"]
[Result "1-0"]
[ICCResult "Black checkmated"]
[WhiteElo "1251"]
[BlackElo "850"]
[Opening "French defense"]
[ECO "C01"]
[NIC "FR.01"]
[Time "12:21:53"]
[TimeControl "3600+10"]

1. e4 e6 2. d4 d5 3. c4 Nf6 4. Nc3 Bb4 5. e5 Ne4 6. Bd2 Nxd2 7. Qxd2 f6 8.
Nf3 O-O 9. a3 Bxc3 10. Qxc3 Nc6 11. Bd3 fxe5 12. dxe5 d4 13. Qc2 g6 14. h4
Qe7 15. h5 gxh5 16. Rxh5 Rf7 17. Ng5 Rg7 18. Bxh7+ Kf8 19. Qd2 Nxe5 20. Qf4+
Ke8 21. Qxe5 Bd7 22. O-O-O Rb8 23. Rxd4 b5 24. c5 a5 25. c6 Bxc6 26. Nxe6
Rf7 27. Bg6 b4 28. Rh8+ Qf8 29. Nxf8# {Black checkmated} 1-0

[Event "ICC tourney 1954 (60 10)"]
[Site "Internet Chess Club"]
[Date "2020.08.07"]
[Round "1"]
[White "Zohranvalliani"]
[Black "royayush"]
[Result "0-1"]
[ICCResult "White checkmated"]
[WhiteElo "963"]
[BlackElo "1337"]
[Opening "QGD: 3.Nc3"]
[ECO "D31"]
[NIC "QP.08"]
[Time "12:22:22"]
[TimeControl "3600+10"]

1. d4 d5 2. c4 e6 3. Nc3 Bb4 4. Bd2 Nf6 5. e3 O-O 6. Nf3 Nc6 7. a3 Bxc3 8.
Bxc3 Re8 9. Bd3 dxc4 10. Bxc4 a6 11. O-O b5 12. Bd3 Bb7 13. e4 h6 14. Bd2
Nxd4 15. Be3 Nxf3+ 16. gxf3 Rc8 17. Bc2 Qxd1 18. Rfxd1 c5 19. Rac1 c4 20. b3
cxb3 21. Bxb3 Rxc1 22. Rxc1 Rc8 23. Rd1 Kh7 24. Ba2 a5 25. Bb1 g6 26. Bd4
Nd7 27. f4 b4 28. Bd3 b3 29. Rb1 a4 30. Bb5 Nf8 31. Bxa4 Rc4 32. Rxb3 Rxd4
33. Be8 Bxe4 34. Bxf7 Bd5 35. Rb8 Kg7 36. Be8 Rd1# {White checkmated} 0-1

[Event "ICC tourney 1954 (60 10)"]
[Site "Internet Chess Club"]
[Date "2020.08.07"]
[Round "1"]
[White "wrongpilot"]
[Black "bryantan2010"]
[Result "0-1"]
[ICCResult "White checkmated"]
[WhiteElo "817"]
[BlackElo "1223"]
[Opening "Three knights game"]
[ECO "C46"]
[NIC "KP.06"]
[Time "12:22:04"]
[TimeControl "3600+10"]

1. e4 e5 2. Nf3 Nc6 3. Nc3 Bb4 4. a3 Ba5 5. Bb5 a6 6. Bxc6 dxc6 7. d3 Qd6 8.
Bd2 Nf6 9. b4 Bb6 10. O-O Bg4 11. Bg5 h6 12. Bxf6 Qxf6 13. h3 Bxf3 14. Qxf3
Qxf3 15. gxf3 g5 16. Ne2 c5 17. bxc5 Bxc5 18. Ng3 O-O-O 19. a4 Kd7 20. Rab1
Kc6 21. Rb2 Bb6 22. Rb3 Rd4 23. Ra1 a5 24. Rb5 f6 25. Nf5 Rxa4 26. Rxa4 Kxb5
27. Ra1 h5 28. Rb1+ Ka6 29. Ra1 Rg8 30. Kf1 g4 31. fxg4 hxg4 32. hxg4 Rxg4
33. Ne7 Rf4 34. Nd5 Rxf2+ 35. Ke1 Rxc2 36. Nxf6 Rh2 37. Nd7 Rh1+ 38. Kd2
Rxa1 39. Nxb6 Kxb6 40. Kc3 Kc5 41. Kc2 Kd4 42. Kd2 Ra2+ 43. Kd1 Kc3 44. Ke1
Kxd3 45. Kf1 Ke3 46. Kg1 Kf3 47. Kh1 Kg3 48. Kg1 Ra1# {White checkmated} 0-1

[Event "ICC tourney 1954 (60 10)"]
[Site "Internet Chess Club"]
[Date "2020.08.07"]
[Round "1"]
[White "neo898913"]
[Black "Kyle45"]
[Result "0-1"]
[ICCResult "White checkmated"]
[WhiteElo "684"]
[BlackElo "196"]
[Opening "Sicilian defense"]
[ECO "B41"]
[NIC "SI.41"]
[Time "12:21:39"]
[TimeControl "3600+10"]

1. e4 c5 2. Nf3 e6 3. d4 cxd4 4. Nxd4 Bc5 5. Nc3 Nf6 6. Be3 Be7 7. Bd3 Nc6
8. Qd2 a5 9. O-O-O a4 10. a3 e5 11. Nxc6 dxc6 12. f3 Be6 13. g4 h6 14. h4
Nd7 15. g5 hxg5 16. hxg5 Rf8 17. Rh7 Rg8 18. Rg1 Qa5 19. f4 O-O-O 20. f5 Bb3
21. cxb3 axb3 22. Qf2 Bxa3 23. bxa3 Qxc3+ 24. Bc2 bxc2 25. Qxc2 Qxe3+ 26.
Qd2 Qxg1+ 27. Kb2 Nc5 28. Qa5 Qf2+ 29. Kc3 Rd3+ 30. Kc4 Qd4# {White
checkmated} 0-1

[Event "ICC tourney 1954 (60 10)"]
[Site "Internet Chess Club"]
[Date "2020.08.07"]
[Round "1"]
[White "minecraftchess"]
[Black "djc403"]
[Result "0-1"]
[ICCResult "White resigns"]
[WhiteElo "913"]
[BlackElo "1314"]
[Opening "Giuoco Piano"]
[ECO "C54"]
[NIC "IG.02"]
[Time "12:22:17"]
[TimeControl "3600+10"]

1. e4 e5 2. Nf3 Nc6 3. Bc4 Bc5 4. c3 Nf6 5. d3 h6 6. O-O O-O 7. Re1 d6 8. d4
exd4 9. cxd4 Bb4 10. Re2 Bg4 11. Re3 a6 12. d5 Bxf3 13. Qxf3 Ne5 14. Qe2 Bc5
15. Rg3 Nfg4 16. Rxg4 Nxg4 17. Qxg4 Qf6 18. Be3 Bxe3 19. fxe3 Qxb2 20. Qd1
Qxa1 21. Kf2 f5 22. exf5 Rxf5+ 23. Kg1 Raf8 24. e4 Rf2 25. e5 Qb2 26. Bf1
Rxf1+ 27. Qxf1 Qd4+ 28. Qf2 Qxf2+ {White resigns} 0-1

[Event "ICC tourney 1954 (60 10)"]
[Site "Internet Chess Club"]
[Date "2020.08.07"]
[Round "1"]
[White "kstao17"]
[Black "OldManReid"]
[Result "1-0"]
[ICCResult "Black checkmated"]
[WhiteElo "574"]
[BlackElo "827"]
[Opening "Sicilian: Hungarian variation"]
[ECO "B27"]
[NIC "SI.43"]
[Time "12:21:43"]
[TimeControl "3600+10"]

1. e4 c5 2. Nf3 g6 3. d4 Bg7 4. dxc5 Qa5+ 5. Bd2 Qxc5 6. Nc3 Nf6 7. Bd3 O-O
8. O-O d6 9. Rb1 Nc6 10. a3 Bg4 11. Be3 Qh5 12. Be2 Ne5 13. Nxe5 Bxe2 14.
Qxe2 Qxe5 15. h3 Nxe4 16. Nxe4 Qxe4 17. Qd2 Rfc8 18. c3 f5 19. Bh6 e5 20.
Bxg7 Kxg7 21. Qxd6 Rd8 22. Qe7+ Kh6 23. Rfe1 Re8 24. Rxe4 Rxe7 25. Re2 e4
26. f3 Rae8 27. fxe4 fxe4 28. Rbe1 Kg5 29. g3 h5 30. h4+ Kg4 31. Kg2 g5 32.
hxg5 Kxg5 33. Kh3 e3 34. c4 Re4 35. b3 h4 36. gxh4+ Rxh4+ 37. Kg3 Rg4+ 38.
Kf3 Rf4+ 39. Kg3 Kf5 40. Rxe3 Rg8+ 41. Kh2 Rf2+ 42. Kh3 Rgg2 43. Re5+ Kf6
44. Re6+ Kf7 45. Re7+ Kg6 46. R7e6+ Kh7 47. Re7+ Rg7 48. Rxg7+ Kxg7 49. Re7+
Rf7 50. Rxf7+ Kxf7 51. Kg4 Ke6 52. Kf3 Ke5 53. Ke3 b6 54. b4 a6 55. a4 b5
56. axb5 axb5 57. cxb5 Kd5 58. Kd3 Kd6 59. Kc4 Kc7 60. Kc5 Kb7 61. b6 Kb8
62. Kc6 Kc8 63. b7+ Kb8 64. b5 Ka7 65. b6+ Kb8 66. Kb5 Kxb7 67. Ka5 Kb8 68.
Kb4 Kb7 69. Kb5 Kb8 70. Ka5 Kb7 71. Kb5 Kb8 72. Kc6 Kc8 73. Kd6 Kb7 74. Kc5
Kc8 75. Kc6 Kb8 76. b7 Ka7 77. Kc7 Ka6 78. b8=Q Ka5 79. Qb7 Ka4 80. Qb6 Ka3
81. Qb5 Ka2 82. Kc6 Ka1 83. Kc5 Ka2 84. Kc4 Ka1 85. Kc3 Ka2 86. Qb2#
{Black checkmated}
1-0

[Event "ICC tourney 1954 (60 10)"]
[Site "Internet Chess Club"]
[Date "2020.08.07"]
[Round "1"]
[White "buptwy"]
[Black "thanhcaptures"]
[Result "0-1"]
[ICCResult "White checkmated"]
[WhiteElo "571"]
[BlackElo "1167"]
[Opening "QP counter-gambit (elephant gambit)"]
[ECO "C40"]
[NIC "KP.10"]
[Time "12:22:02"]
[TimeControl "3600+10"]

1. e4 e5 2. Nf3 d5 3. exd5 e4 4. Qe2 Nf6 5. Nc3 Bf5 6. d3 Bb4 7. a3 Bxc3+ 8.
bxc3 O-O 9. Bg5 exf3 10. Qxf3 Bg6 11. Be2 Nbd7 12. O-O Nb6 13. Bxf6 Qxf6 14.
Qxf6 gxf6 15. Rab1 Nxd5 16. Rxb7 Nxc3 17. Bf3 Rfc8 18. Rxc7 Rxc7 19. Bxa8
Nb5 20. a4 Nd4 21. c4 Ne2+ 22. Kh1 Bxd3 23. Rd1 Bxc4 24. Rd2 Ba6 25. h3 Kg7
26. Be4 Rc1+ 27. Kh2 h6 28. Rd8 Rc7 29. g3 Bb7 30. Bd3 Rc1 31. Rg8+ Kxg8 32.
Bh7+ Kxh7 33. g4 Rh1# {White checkmated} 0-1

[Event "ICC tourney 1954 (60 10)"]
[Site "Internet Chess Club"]
[Date "2020.08.07"]
[Round "1"]
[White "viratfan"]
[Black "stephenwilly"]
[Result "0-1"]
[ICCResult "White checkmated"]
[WhiteElo "334"]
[BlackElo "1137"]
[Opening "French: advance, Paulsen attack"]
[ECO "C02"]
[NIC "FR.03"]
[Time "12:22:22"]
[TimeControl "3600+10"]

1. e4 e6 2. d4 d5 3. e5 c5 4. c3 Nc6 5. Nf3 f6 6. Bf4 Bd7 7. Bd3 cxd4 8.
cxd4 Qb6 9. Qb3 Bb4+ 10. Nc3 Nxd4 11. Qd1 Nxf3+ 12. Qxf3 d4 13. a3 dxc3 14.
axb4 cxb2 15. Rb1 Qxb4+ 16. Bd2 Qd4 17. exf6 Nxf6 18. O-O O-O 19. Rfd1 Ng4
20. Be3 Qb4 21. Bd2 Qa4 22. Qg3 Nxf2 23. Rf1 Nxd3 24. Qxd3 Bb5 25. Rxf8+
Rxf8 26. Qc3 Qa2 27. Qxb2 Qxb2 28. Rxb2 Rf1# {White checkmated} 0-1

[Event "ICC tourney 1954 (60 10)"]
[Site "Internet Chess Club"]
[Date "2020.08.07"]
[Round "1"]
[White "jerryjhzhang"]
[Black "boxingguy2469x"]
[Result "0-1"]
[ICCResult "White resigns"]
[WhiteElo "824"]
[BlackElo "1232"]
[Opening "Ruy Lopez: Noah's ark trap"]
[ECO "C71"]
[NIC "RL.10"]
[Time "12:22:10"]
[TimeControl "3600+10"]

1. e4 e5 2. Nf3 Nc6 3. Bb5 a6 4. Ba4 d6 5. d4 b5 6. Bb3 Nxd4 7. Nxd4 exd4 8.
Qxd4 c5 9. Qe3 c4 10. O-O cxb3 11. axb3 Be7 12. e5 dxe5 13. Qxe5 Nf6 14. Nc3
Qd6 15. Re1 Qxe5 16. Rxe5 Be6 17. Bg5 h6 18. Bxf6 Bxf6 19. Re3 Bxc3 20. Rxc3
O-O 21. Rd1 Rfd8 22. Rxd8+ Rxd8 23. g3 Bh3 24. f3 Rd1+ 25. Kf2 Rd2+ 26. Kg1
Bf5 27. Re3 Rxc2 28. Re8+ Kh7 {White resigns} 0-1

[Event "ICC tourney 1954 (60 10)"]
[Site "Internet Chess Club"]
[Date "2020.08.07"]
[Round "1"]
[White "ChessG2011"]
[Black "Jeffchess"]
[Result "0-1"]
[ICCResult "White checkmated"]
[WhiteElo "1020"]
[BlackElo "1372"]
[Opening "Caro-Kann defense"]
[ECO "B12"]
[NIC "CK.01"]
[Time "12:22:10"]
[TimeControl "3600+10"]

1. e4 c6 2. d4 e6 3. a3 d5 4. e5 a6 5. Nf3 h6 6. Be2 c5 7. c3 c4 8. Be3 Bd7
9. Nbd2 Bb5 10. a4 Bd7 11. b3 b5 12. axb5 Bxb5 13. b4 Nc6 14. Qb1 Qb6 15.
Qa2 Nge7 16. Nb1 Nf5 17. Bd2 Be7 18. Na3 Ra7 19. O-O O-O 20. Qc2 Rfa8 21.
Nxb5 axb5 22. Qb2 Ra4 23. Rxa4 bxa4 24. Ra1 Na5 25. Rxa4 Ra7 26. Bd1 Rb7 27.
Qa2 Nc6 28. Ra6 Qb5 29. Qa4 Nfxd4 30. Nxd4 Nxd4 31. cxd4 Bxb4 32. Bxb4 Qxb4
33. Bc2 Qe1# {White checkmated} 0-1

[Event "ICC tourney 1954 (60 10)"]
[Site "Internet Chess Club"]
[Date "2020.08.07"]
[Round "1"]
[White "ltristam"]
[Black "srirammarni"]
[Result "1-0"]
[ICCResult "Black resigns"]
[WhiteElo "1298"]
[BlackElo "904"]
[Opening "Ruy Lopez: Berlin defense, Beverwijk variation"]
[ECO "C64"]
[NIC "RL.01"]
[Time "12:22:06"]
[TimeControl "3600+10"]

1. e4 e5 2. Nf3 Nc6 3. Bb5 Bc5 4. O-O Nf6 5. Nc3 a6 6. Bc4 d6 7. h3 O-O 8.
d3 Nd4 9. Be3 Nxf3+ 10. Qxf3 Bxe3 11. Qxe3 c6 12. Ne2 d5 13. exd5 cxd5 14.
Bb3 Re8 15. c3 d4 16. cxd4 exd4 17. Qxd4 Bf5 18. Qxd8 Raxd8 19. Nc3 Bxd3 20.
Rfe1 Ne4 21. Rad1 Nxc3 22. Rxe8+ Rxe8 23. bxc3 Bg6 24. Rd7 Be4 25. Bxf7+ Kf8
26. Bxe8 Kxe8 27. Rxg7 Kf8 28. Rg4 Bd5 29. a4 {Black resigns} 1-0

[Event "ICC tourney 1954 (60 10)"]
[Site "Internet Chess Club"]
[Date "2020.08.07"]
[Round "1"]
[White "weheinrich"]
[Black "Mikanikal"]
[Result "0-1"]
[ICCResult "White resigns"]
[WhiteElo "1001"]
[BlackElo "1366"]
[Opening "Pirc defense"]
[ECO "B07"]
[NIC "PU.07"]
[Time "12:22:22"]
[TimeControl "3600+10"]

1. e4 d6 2. d4 Nf6 3. Nc3 g6 4. Bd3 Bg7 5. Be3 O-O 6. Qd2 Nc6 7. Nf3 e5 8.
d5 Ne7 9. Bh6 c6 10. Bxg7 Kxg7 11. Bc4 Qc7 12. O-O-O b5 13. Be2 b4 14. Nb1
c5 15. c3 Nxe4 16. Qe3 Nf6 17. c4 a5 18. h4 Ng4 19. Qg5 Nxf2 20. h5 h6 21.
Qg3 Nxd1 22. Bxd1 Nf5 23. Qg4 Ne3 24. Qg3 Nf5 25. Qg4 Qd7 26. hxg6 fxg6 27.
Bc2 Rf6 28. Qh3 h5 29. g4 Nd4 30. Nxd4 exd4 31. Bd1 Qe7 32. Qg2 Qe3+ 33. Nd2
Rf2 {White resigns} 0-1

[Event "ICC tourney 1954 (60 10)"]
[Site "Internet Chess Club"]
[Date "2020.08.07"]
[Round "1"]
[White "Jesserocks135"]
[Black "Yadhunandan"]
[Result "1-0"]
[ICCResult "Black checkmated"]
[WhiteElo "1275"]
[BlackElo "873"]
[Opening "QGD: Marshall defense"]
[ECO "D06"]
[NIC "QP.08"]
[Time "12:22:22"]
[TimeControl "3600+10"]

1. d4 d5 2. c4 Nf6 3. Nc3 c6 4. cxd5 cxd5 5. Bg5 e6 6. Nf3 Be7 7. e3 h6 8.
Bxf6 Bxf6 9. Bd3 Nc6 10. O-O e5 11. dxe5 Bxe5 12. Bb5 Bxc3 13. Bxc6+ bxc6
14. bxc3 O-O 15. Nd4 c5 16. Nb3 c4 17. Nd4 Rb8 18. Nc6 Qc7 19. Nxb8 Qxb8 20.
Qxd5 Be6 21. Qf3 Bc8 22. Rab1 Qc7 23. Rfd1 g6 24. Rb4 h5 25. h3 g5 26. Rd4
Be6 27. Qxh5 f6 28. Qg6+ Qg7 29. Qxg7+ Kxg7 30. Rb7+ Kg6 31. Rxa7 Rb8 32. g4
Rb1+ 33. Kg2 Rc1 34. Re7 Bf7 35. Rxf7 Kxf7 36. Rxc4 Rc2 37. a4 Ra2 38. Kf3
Ke6 39. e4 Ke5 40. Rc5+ Ke6 41. Rc6+ Ke5 42. Rc5+ Ke6 43. Rc4 Ra3 44. Ke3
Ke5 45. Kd3 Ra2 46. Ke3 Ra3 47. Rc5+ Ke6 48. a5 Kd6 49. Kd4 Ra4+ 50. c4 Ra2
51. Rf5 Ra3 52. Rxf6+ Kc7 53. Rf5 Rxh3 54. Rxg5 Rf3 55. Rf5 Ra3 56. g5 Kb7
57. g6 Ra1 58. g7 Rg1 59. Rf7+ Kc8 60. Rf8+ Kb7 61. g8=Q Rd1+ 62. Kc3 Rc1+
63. Kb2 Rd1 64. Qd5+ Rxd5 65. cxd5 Kc7 66. Rf6 Kb7 67. Kc3 Kc7 68. Kc4 Kd7
69. Kc5 Kc7 70. Rc6+ Kb8 71. Kb6 Ka8 72. d6 Kb8 73. d7 Ka8 74. d8=Q#
{Black checkmated}
1-0